Workbook

Sheet Ppto general Distrito
A1: 35 Festival Internacional de Poesia de Medellín
A2: Presupuesto General 2025
A3: CONCEPTO | B3: Recursos solicitados al Distrito de Ciencia Tecnología e Innovación de Medellín | C3: Valor ejecutado en mayo
A4: 1. HONORARIOS GENERALES (Invitados, músicos, dirección general, produccion general, coordinadores, directores de comunicaciones, de logística, programación y otros)
A5: Honorarios Artistas Nacionales e internacionales
A6: Honorarios Artistas Nacionales e internacionales | B6: 45000000 | C6: 0
A7: Subtotal Artistas Nacionales e internacionales | B7: =B6 -> 45000000 | C7: =C6 -> 0
A8: Dirección general, produccion general, coordinadores, directores de comunicaciones, de logística, programación y otros
A9: Dirección general | B9: 64400000 | C9: =Mayo!H6+Mayo!E6 -> 13424444
A10: Profesional de apoyo de dirección
A11: Coordinación general | B11: 51100000 | C11: =Mayo!H10+Mayo!E10 -> 8954587.5
A12: Asistente de coordinación general | B12: 12000000 | C12: =Mayo!D56 -> 5000000
A13: Dirección de prensa, comunicaciones y relaciones públicas | B13: 51100000 | C13: =Mayo!H14+Mayo!E14 -> 10282214
A14: Dirección de prensa y medios
A15: Dirección de programación | B15: 51100000 | C15: =Mayo!H19+Mayo!E19 -> 14052500
A16: Asistente de programación | B16: 12000000 | C16: =Mayo!D23 -> 6000000
A17: Dirección pedagógica
A18: Coordinación de sedes | B18: 21200000 | C18: =Mayo!D32 -> 3712500
A19: Dirección de gestión y alianzas | B19: 23320000 | C19: =Mayo!H28+Mayo!E28 -> 9839838.8
A20: Dirección logística
A21: Analista de proyecto 33 FIPM
A22: Asistente de gestión y alianzas | B22: 12050000 | C22: =Mayo!D36 -> 2500000
A23: Sub Total honorario dirección, coordinación, logística, programación y otros | B23: =SUM(B9:B22) -> 298270000 | C23: =SUM(C9:C22) -> 73766084
A24: Honorarios Diseñadores, Desarrolladores, Programadores, coordinadores y otros.
A25: Asistente / Servicios generales | B25: 50000000
A26: Coordinador de intérpretes (presencial)
A27: Dirección talleres de lectores | C27: =Mayo!H60 -> 1500000
A28: Coordinador muestra de libros y publicaciones
A29: Coordinador Stand
A30: Diseño gráfico de piezas | C30: =Mayo!D45 -> 6240000
A31: Diseño escenografía
A32: Edición de contenidos de audio y podcast
A33: Entrevistas para edición de videos (entrevistador)
A34: Equipo de fotografía
A35: Fotógrafo para convenios y presencia de marca
A36: Intérpretes
A37: Communitiy Manager
A38: Lectores
A39: Presentadores
A40: Registro audiovisual, entrevistas y reportes audiovisuales
A41: Traducciones | C41: =Mayo!H52+Mayo!E52 -> 21792520
A42: Web master y mantenimiento de página web | C42: =Mayo!H40+Mayo!E40 -> 800000
A43: Sub Total honorarios Diseñadores, Desarrolladores, Programadores, coordinadores y otros. | B43: =B25 -> 50000000 | C43: =SUM(C25:C42) -> 30332520
A44: Honorarios Personal Técnico
A45: Edición de pregrabados y otros videos | B45: 12000000
A46: Coordinador equipo aeropuerto
A47: Coordinador de distribución de material impreso
A48: Coordinación de transportes
A49: Coordinación cuadro logística
A50: Equipo de Stand
A51: Equipo Stand Hotel
A52: Sub Total honorarios personal técnico | B52: =B45 -> 12000000 | C52: =SUM(C45:C51) -> 0
A53: 2. Alquileres
A54: Sonido, iluminación, equipos especializados, tarimas, sillas, carpas y otros | B54: 25000000
A55: Escenarios, salones, otros espacios
A56: Alquiler de equipos de transmisión simultánea
A57: Transmisión vía streaming
A58: Baños Públicos, Bomberos, ambulancias y gastos asociados a la realización de eventos públicos.
A59: Plantas Eléctricas - Matriz de riesgo
A60: Sub Total alquileres | B60: =B54 -> 25000000 | C60: =SUM(C54:C59) -> 0
A61: 3. Transportes
A62: Tiquetes aéreos | B62: 45000000 | C62: =Mayo!D64 -> 13236194
A63: Transporte terrestre (carros, taxis, buses, camiones)
A64: Sub Total transportes | B64: =B62 -> 45000000 | C64: =SUM(C62:C63) -> 13236194
A65: 4. Alojamiento y Alimentación y Gastos de Viaje
A66: Hoteles y Alojamientos | B66: 128000000
A67: Alimentación
A68: Viáticos
A69: Hidratación, refrigerios
A70: Sub Total alojamiento, alimentación y gastos viaje | B70: =B66 -> 128000000 | C70: =SUM(C66:C69) -> 0
A71: 5. Difusión y Publicidad
A72: Diseño y realización de páginas web, diseño en redes sociales, diseño en medios digitales, impresión y producción de piezas, entre otros | B72: 46730000
A73: Pauta en medios
A74: Producción y transmisión por radio y/o televisión y/o medios digitales en directo o en diferido
A75: Otros: Edición de Memorias del FIPM (selección de textos, diagramación, corrección de pruebas), impresión en gran formato, otros estampados, indumentaria para invitados y equipo de trabajo, manteles, banderas, Progrmación general (diseño, diagramacion e impresión), ubicación de pasacalles, vallas y publicidad exterior, pre producción (creación de eventos), selección de imágenes y música de apoyo para transmisiones.
A76: Sub Total difusión y publicidad | B76: =B72 -> 46730000 | C76: =SUM(C72:C75) -> 0
A77: 6. Derechos de autor
A78: Permisos – Derechos de autor | B78: 0 | C78: 0
A79: Sub Total derechos de autor | B79: =B78 -> 0 | C79: =SUM(C78) -> 0
A80: Costo total del proyecto | B80: =B79+B76+B70+B64+B60+B52+B43+B23+B7 -> 650000000 | C80: =C79+C76+C70+C64+C60+C52+C43+C23+C7 -> 1.173348e+08

Sheet Mayo
A1: Auxiliar Mayo
A2: Cuenta | B2: NIT | C2: Fecha Factura | D2: Valor | E2: Retención en la fuente | F2: Neto a pagar | G2: Otros descuentos | H2: Total cancelado | I2: Cuenta por pagar | J2: Fecha de pago | K2: Documento soporte
A4: Pagos dirección general
A5: Luis Fernando Rendón Merino | B5: 15252002 | C5: 45784 | D5: 13789875 | E5: 1151455 | F5: =+D5-E5 -> 12638420 | G5: 0 | H5: 12272989 | I5: =+F5-G5-H5 -> 365431 | J5: 45790 | K5: G 22028
A6: Total pagos dirección general | D6: =+SUM(D5) -> 13789875 | E6: =+SUM(E5) -> 1151455 | F6: =+SUM(F5) -> 12638420 | G6: =+SUM(G5) -> 0 | H6: =+SUM(H5) -> 12272989 | I6: =+SUM(I5) -> 365431
A8: Pagos coordinación general
A9: Gabriel Jaime Franco Uribe | B9: 70099821 | C9: 45784 | D9: 9118725 | E9: 332833.46 | F9: =+D9-E9 -> 8785891.5 | G9: 0 | H9: 8621754 | I9: =+F9-G9-H9 -> 164137.54 | J9: 45790 | K9: G 22029
A10: Total Pagos coordinación general | D10: =+SUM(D9) -> 9118725 | E10: =+SUM(E9) -> 332833.46 | F10: =+SUM(F9) -> 8785891.5 | G10: =+SUM(G9) -> 0 | H10: =+SUM(H9) -> 8621754 | I10: =+SUM(I9) -> 164137.54
A12: Pagos dirección de prensa y comunicaciones
A13: Gloria Patricia Chvatal Londoño | B13: 43501783 | C13: 45784 | D13: 10539375 | E13: 503782.12 | F13: =+D13-E13 -> 10035593 | G13: 0 | H13: 9778432 | I13: =+F13-G13-H13 -> 257160.88 | J13: 45790 | K13: G 22030
A14: Total Pagos dirección de prensa y comunicaciones | D14: =SUM(D13) -> 10539375 | E14: =SUM(E13) -> 503782.12 | F14: =SUM(F13) -> 10035593 | G14: =SUM(G13) -> 0 | H14: =SUM(H13) -> 9778432 | I14: =SUM(I13) -> 257160.88
A16: Pagos dirección de programación general
A17: Luis Eduardo Rendón Escobar | B17: 98587275 | C17: 45784 | D17: 10539375 | E17: 1159331 | F17: =+D17-E17 -> 9380044 | G17: 0 | H17: 9380044 | I17: =+F17-G17-H17 -> 0 | J17: 45790 | K17: G 22031
C18: 45793 | D18: 3513125 | E18: 386444 | F18: =+D18-E18 -> 3126681 | G18: 0 | H18: 3126681 | I18: =+F18-G18-H18 -> 0 | J18: 45793 | K18: G 22047
A19: Total Pagos dirección de programación general | D19: =SUM(D17:D18) -> 14052500 | E19: =SUM(E17:E18) -> 1545775 | F19: =SUM(F17:F18) -> 12506725 | G19: =SUM(G17:G18) -> 0 | H19: =SUM(H17:H18) -> 12506725 | I19: =SUM(I17:I18) -> 0
A21: Pagos asistente de programación
A22: Geraldine Rendón Marín | B22: 1053840029 | C22: 45786 | D22: 6000000 | E22: 0 | F22: =+D22-E22 -> 6000000 | G22: 0 | H22: 6000000 | I22: =+F22-G22-H22 -> 0 | J22: 45790 | K22: G 22045
A23: Total pagos asistente de programación | D23: =SUM(D22) -> 6000000 | E23: =SUM(E22) -> 0 | F23: =SUM(F22) -> 6000000 | G23: =SUM(G22) -> 0 | H23: =SUM(H22) -> 6000000 | I23: =SUM(I22) -> 0
A25: Pagos dirección de gestión y alianzas
A26: Diana Patricia Villa López | B26: 1035415565 | C26: 45784 | D26: 4537500 | E26: 143838.75 | F26: =+D26-E26 -> 4393661.2 | G26: 0 | H26: 4537500 | I26: =+F26-G26-H26 -> -143838.75 | J26: 45790 | K26: G 22033
C27: 45793 | D27: 5000000 | E27: 158500 | F27: =+D27-E27 -> 4841500 | G27: 0 | H27: 5000000 | I27: =+F27-G27-H27 -> -158500 | J27: 45793 | K27: G 22048
A28: Total pagos dirección de gestión y alianzas | D28: =SUM(D26:D27) -> 9537500 | E28: =SUM(E26:E27) -> 302338.75 | F28: =SUM(F26:F27) -> 9235161.2 | G28: =SUM(G26:G27) -> 0 | H28: =SUM(H26:H27) -> 9537500 | I28: =SUM(I26:I27) -> -302338.75
A30: Pagos coordinación de sedes
A31: Manuela Salinas Sierra | B31: 1094939868 | C31: 45784 | D31: 3712500 | E31: 0 | F31: =+D31-E31 -> 3712500 | G31: 0 | H31: 3712500 | I31: =+F31-G31-H31 -> 0 | J31: 45790 | K31: G 22032
A32: Total pagos coordinación de sedes | D32: =+SUM(D31) -> 3712500 | E32: =+SUM(E31) -> 0 | F32: =+SUM(F31) -> 3712500 | G32: =+SUM(G31) -> 0 | H32: =+SUM(H31) -> 3712500 | I32: =+SUM(I31) -> 0
A34: Pagos asistente de gestión y alianzas
A35: Catalina Franco González | B35: 43268607 | C35: 45786 | D35: 2500000 | E35: 0 | F35: =+D35-E35 -> 2500000 | G35: 0 | H35: 2500000 | I35: =+F35-G35-H35 -> 0 | J35: 45786 | K35: G 22034
A36: Total pagos asistente de gestión y alianzas | D36: =SUM(D35) -> 2500000 | E36: =SUM(E35) -> 0 | F36: =SUM(F35) -> 2500000 | G36: =SUM(G35) -> 0 | H36: =SUM(H35) -> 2500000 | I36: =SUM(I35) -> 0
A38: Pagos infraestructura sitio web
A39: Froilan Esteban Moreno | B39: 71367839 | C39: 45785 | D39: 1040000 | E39: 0 | F39: =+D39-E39 -> 1040000 | G39: 0 | H39: 800000 | I39: =+F39-G39-H39 -> 240000 | J39: 45790 | K39: G 22039
A40: Total pagos infraestructura sitio WEB | D40: =SUM(D39) -> 1040000 | E40: =SUM(E39) -> 0 | F40: =SUM(F39) -> 1040000 | G40: =SUM(G39) -> 0 | H40: =SUM(H39) -> 800000 | I40: =SUM(I39) -> 240000
A42: Pagos diseño de piezas gráficas y subtitulación
A43: Juan Sebastián Rendón | B43: 1036451213 | C43: 45784 | D43: 6000000 | E43: 0 | F43: =+D43-E43 -> 6000000 | G43: 0 | H43: 6000000 | I43: =+F43-G43-H43 -> 0 | J43: 45790 | K43: G 22037
A44: Viviana Lucía Tobón Castaño | B44: 32257074 | C44: 45792 | D44: 240000 | E44: 0 | F44: =+D44-E44 -> 240000 | G44: 0 | H44: 240000 | I44: =+F44-G44-H44 -> 0 | J44: 45790 | K44: G 22042
A45: Total pagos diseño de piezas gráficas y subtitulación | D45: =SUM(D43:D44) -> 6240000 | E45: =SUM(E43:E44) -> 0 | F45: =SUM(F43:F44) -> 6240000 | G45: =SUM(G43:G44) -> 0 | H45: =SUM(H43:H44) -> 6240000 | I45: =SUM(I43:I44) -> 0
A47: Pagos Traducciones
A48: Stephane George Louis Chaumet | B48: 667023 | C48: 45789 | D48: 1840000 | E48: 0 | F48: =+D48-E48 -> 1840000 | G48: 0 | H48: 1840000 | I48: =+F48-G48-H48 -> 0 | J48: 45790 | K48: G 22041
A49: George Mario Angel Quintero | B49: 71787478 | C49: 45789 | D49: 510000 | E49: 0 | F49: =D49-E49 -> 510000 | G49: 0 | H49: 510000 | I49: =+F49-G49-H49 -> 0 | J49: 45790 | K49: G 22043
A50: Luis Eduardo Rendón Escobar | B50: 98587275 | C50: 45786 | D50: 4399640 | E50: 483960 | F50: =D50-E50 -> 3915680 | G50: 0 | H50: 3915680 | I50: =+F50-G50-H50 -> 0 | J50: 45791 | K50: G 22044
A51: Luis Eduardo Rendón Escobar | B51: 98587275 | C51: 45779 | D51: 15042880 | E51: 1654716.8 | F51: =D51-E51 -> 13388163 | G51: 0 | H51: 13388163 | I51: =+F51-G51-H51 -> 0.2 | J51: 45791
A52: Total pagos traducciones | D52: =SUM(D48:D51) -> 21792520 | E52: =SUM(E48:E51) -> 2138676.8 | F52: =SUM(F48:F51) -> 19653843 | G52: =SUM(G48:G51) -> 0 | H52: =SUM(H48:H51) -> 19653843 | I52: =SUM(I48) -> 0
A54: Pagos asistente de coordinación general
A55: Juan Manuel Estrada | B55: 1036667031 | C55: 45786 | D55: 5000000 | E55: 0 | F55: =+D55-E55 -> 5000000 | G55: 0 | H55: 5000000 | I55: =+F55-G55-H55 -> 0 | J55: 45791 | K55: G 22046
A56: Total Pagos coordinación general | D56: =+SUM(D55) -> 5000000 | E56: =+SUM(E55) -> 0 | F56: =+SUM(F55) -> 5000000 | G56: =+SUM(G55) -> 0 | H56: =+SUM(H55) -> 5000000 | I56: =+SUM(I55) -> 0
A58: Pagos preparación talleres lectores y presentadores
A59: Jorge Iván Grisales | B59: 70046271 | C59: 45780 | D59: 3000000 | E59: 0 | F59: =+D59-E59 -> 3000000 | G59: 0 | H59: 1500000 | I59: =+F59-G59-H59 -> 1500000 | J59: 45793 | K59: G 22049
A60: Total pagos preparación talleres lectores y presentadores | D60: =+SUM(D59) -> 3000000 | E60: =+SUM(E59) -> 0 | F60: =+SUM(F59) -> 3000000 | G60: =+SUM(G59) -> 0 | H60: =+SUM(H59) -> 1500000 | I60: =+SUM(I59) -> 1500000
A62: Pagos Tiquetes aéreos
A63: Éxito viajes y turismo | B63: 900640173 | D63: 13236194 | E63: 0 | F63: =+D63-E63 -> 13236194 | G63: 0 | H63: 13236194 | I63: =+F63-G63-H63 -> 0 | J63: 45793 | K63: G 22054
A64: Total pagos Tiquetes aéreos | D64: =SUM(D63) -> 13236194 | E64: =SUM(E63) -> 0 | F64: =SUM(F63) -> 13236194 | G64: =SUM(G63) -> 0 | H64: =SUM(H63) -> 13236194 | I64: =SUM(I63) -> 0
A66: Total mes de Mayo | D66: =+D6+D14+D19+D10+D32+D28+D36+D40+D23+D64+D52+D45+D56+D60 -> 119559189 | E66: =+E6+E14+E19+E10+E32+E28+E36+E40+E23+E64+E52+E45+E56+E60 -> 5974861.1 | F66: =+F6+F14+F19+F10+F32+F28+F36+F40+F23+F64+F52+F45+F56+F60 -> 1.1358433e+08 | G66: =+G6+G14+G19+G10+G32+G28+G36+G40+G23+G64+G52+G45+G56+G60 -> 0 | H66: =+H6+H14+H19+H10+H32+H28+H36+H40+H23+H64+H52+H45+H56+H60 -> 111359937 | I66: =+I6+I14+I19+I10+I32+I28+I36+I40+I23+I64+I52+I45+I56+I60 -> 2224390.7
D68: =D66-I66 -> 1.173348e+08
D69: =H66+E66 -> 1.173348e+08
